AoeStats
← Chino Mala Gente

Arabia

509907256Analyzed
1v1 RM · 3d ago on Sep 28, 2026· 47m 38s· 2 players
Game mode
Random Map
Map size
Tiny (2 player)
Population
200
Speed
Normal
Resources
Standard
Victory
Conquest
Starting age
Dark Age
Ending age
Imperial Age
RankedLock teamsTeams togetherTeam positionsShared explorationLock speedFull tech treeHidden civsTurbo modeCheats
Victory
Defeat
🇭🇷 Maya · Croatia
1229
+17
🇨🇴 Mongols · Colombia
1240
-17
Filip_jede_Meso
0:27 Loom
9:49 Feudal Age
12:52 Man-at-Arms
16:23 Scale Mail Armor
22:41 Castle Age
21:00 Forging
22:30 Gold Mining
24:00 Chain Mail Armor
23:09 Eagle Warrior
23:49 Squires
25:27 Double-Bit Axe
27:13 Wheelbarrow
27:03 Stone Mining
28:32 Iron Casting
31:16 Hand Cart
33:26 Crossbowman
34:12 Thumb Ring
33:58 Fletching
34:42 Padded Archer Armor
36:50 Bodkin Arrow
37:11 Leather Archer Armor
39:18 Ballistics
46:24 Imperial Age
44:25 Bow Saw
Chino Mala Gente
4:45 Loom
7:22 Feudal Age
12:57 Fletching
22:21 Castle Age
22:37 Double-Bit Axe
23:14 Bloodlines
24:32 Bodkin Arrow
26:07 Husbandry
28:05 Ballistics
32:14 Padded Archer Armor
42:04 Leather Archer Armor
43:15 Elite Skirmisher
Connection lost

Rejoining the realm…

Still unreachable

The connection could not be restored.

Session expired

The server has moved on; the page needs a fresh start.